 Dungeon Crawl Stone Soup version 0.31-a0-204-g7da18cac08 (webtiles) character file.

Game seed: 11769209003847013013

93 qw the Shooter (level 4, -3/25 HPs)
             Began as a Deep Elf Hunter on June 27, 2023.
             Slain by an orc
             ... wielding a +0 club
              (5 damage)
             ... on level 3 of the Dungeon.
             The game lasted 00:00:33 (1898 turns).

qw the Shooter (Deep Elf Hunter)                    Turns: 1898, Time: 00:00:34

Health: -3/25      AC:  5    Str: 10    XL:     4   Next: 36%
Magic:  6/6        EV: 11    Int: 14    God:
Gold:   149        SH:  0    Dex: 18    Spells: 3/3 levels left

rFire   . . .        Y - +0 shortbow
rCold   . . .        (shield currently unavailable)
rNeg    . . .        g - +0 ring mail
rPois   .            (no helmet)
rElec   .            (no cloak)
rCorr   .            (no gloves)
SInv    .            (no boots)
Will    .....        (no amulet)
Stlth   +            (no ring)
HPRegen 0.24/turn    (no ring)
MPRegen 0.10/turn

%: no passive effects
@: no status effects
A: no striking features
a: no special abilities


You were on level 3 of the Dungeon.
You visited 1 branch of the dungeon, and saw 3 of its levels.

You collected 149 gold pieces.


   Skills:
 - Level 1.5 Fighting
 + Level 7.8 Ranged Weapons
 - Level 2.4 Dodging
 - Level 1.2 Stealth


You had 3 spell levels left.
You didn't know any spells.
Your spell library was empty.

Inventory:

Hand Weapons
 Y - a +0 shortbow (weapon)
Armour
 g - a +0 ring mail (worn)
Jewellery
 b - a ring of fire
Scrolls
 c - a scroll of silence {unknown}
Potions
 a - a potion of haste {unknown}
 d - a potion of enlightenment {unknown}

Dungeon Overview and Level Annotations

Branches:
Dungeon (3/15)

Altars:


Message History

The orc wizard is heavily wounded.
You shoot an arrow. The arrow hits the orc wizard.
The orc wizard is severely wounded.
The orc wizard casts a spell.
The orc wizard flickers and vanishes!
Deactivating autopickup; reactivate with Ctrl-A.
You hear a shout! x2
You shoot an arrow.
The arrow hits the orc but does no damage.
A magic dart appears from out of thin air!
The magic dart hits you.
1886 ||| FLEEEEING.
You are confused.
1887 ||| DRINKING potion of curing.
You feel better.
1887 ||| (to cure confusion)
An orc priest comes into view. It is wielding a +0 hand axe.
You shoot an arrow. The arrow barely misses the orc.
You shoot an arrow. The arrow closely misses the orc.
You shoot an arrow. The arrow hits the orc.
The orc is heavily wounded.
The orc priest invokes the aid of Beogh against you.
Beogh smites you!
A magic dart appears from out of thin air!
The magic dart hits you but does no damage.
You shoot an arrow. The arrow closely misses the orc.
You hear some strange, mumbled words.
You are confused.
The orc barely misses you. The orc hits you with a +0 club.
The orc priest looks braver for a moment.
The orc priest invokes the aid of Beogh against you.
Beogh smites you!
The orc priest begins to cast a cantrip, but forgets the words!
The orc hits you but does no damage. Something hits you.
The orc barely misses you. Something hits you but does no damage.
Something hits you. The orc barely misses you.
You feel less confused. Something hits you. The orc hits you with a +0 club.
You die...

....######.######.#
..#..######.### #.#
....#........####.#
#...#.###.........#
#
#...#.............#
#.
#...#.#..........##
.#..
#...#.........####
<...!#..)####......#
........@.......>###
.......o#.....#..#
.......o>.#####..##
......###.........#
...... #.#####...#
..... #.# ......#
..... #.#.#.#...#
.!.. #.# #.#...#
..## #<# . #...#


You could see an orc priest and an orc.

Vanquished Creatures
  4 gnolls
  2 adders (D:2)
  3 dart slugs (D:1)
  3 ball pythons
  2 bats
  An endoplasm (D:2)
  A giant cockroach (D:2)
  5 goblins
  4 hobgoblins
  2 kobolds
  A quokka (D:1)
  A frilled lizard (D:2)
  3 rats
32 creatures vanquished.

Notes
Turn   | Place    | Note
-------+----------+-------------------------------------------
     0 | D:1      | qw the Deep Elf Hunter began the quest for the Orb.
     0 | D:1      | Reached XP level 1. HP: 12/12 MP: 3/3
     0 | D:1      | 0 ||| qw: Version: 0.3-a-22-g0ed2b0b
     0 | D:1      | 0 ||| qw: Game counter: 6591
     0 | D:1      | 0 ||| qw: Melee chars always use a shield: true
     0 | D:1      | 0 ||| qw: God list: Okawaru
     0 | D:1      | 0 ||| qw: Allow faded altars: false
     0 | D:1      | 0 ||| qw: Do Orc after clearing Dungeon:15 true
     0 | D:1      | 0 ||| qw: Do second Lair branch before Depths: true
     0 | D:1      | 0 ||| qw: Lair rune preference: random
     0 | D:1      | 0 ||| qw: Goals: Normal
     0 | D:1      | 0 ||| PLANNING D:1-11
   151 | D:1      | Reached XP level 2. HP: 16/16 MP: 4/4
   219 | D:1      | Reached skill level 6 in Ranged Weapons
   232 | D:1      | 232 ||| Stepping ~*~*~tactically~*~*~ (outnumbered).
   234 | D:1      | 234 ||| Stepping ~*~*~tactically~*~*~ (outnumbered).
   868 | D:1      | 868 ||| UPGRADING to +0 ring mail.
   878 | D:1      | 878 ||| DROPPING +0 leather armour.
   879 | D:1      | 879 ||| READING scroll labelled QOYJOY TUICZAH.
   882 | D:1      | 882 ||| DROPPING scroll of butterflies.
   898 | D:2      | Reached XP level 3. HP: 19/20 MP: 5/5
   899 | D:2      | 899 ||| STAIRDANCE
   937 | D:2      | 937 ||| STAIRDANCE
   943 | D:1      | HP: 2/20 [gnoll/+0 spear (4)]
   945 | D:1      | Reached skill level 7 in Ranged Weapons
  1025 | D:2      | 1025 ||| STAIRDANCE
  1046 | D:2      | 1046 ||| STAIRDANCE
  1096 | D:2      | 1096 ||| STAIRDANCE
  1105 | D:2      | 1105 ||| STAIRDANCE
  1143 | D:2      | 1143 ||| STAIRDANCE
  1179 | D:2      | Reached XP level 4. HP: 25/25 MP: 6/6
  1814 | D:2      | 1814 ||| READING scroll labelled OFUTAI MIYTE.
  1815 | D:2      | 1815 ||| DRINKING 2 inky potions.
  1886 | D:3      | 1886 ||| FLEEEEING.
  1887 | D:3      | 1887 ||| DRINKING potion of curing.
  1887 | D:3      | 1887 ||| (to cure confusion)
  1893 | D:3      | HP: 5/25 [orc priest/divine providence (10)]
  1898 | D:3      | HP: 2/25 [something (1)]
  1898 | D:3      | Slain by an orc

Levels and vault maps discovered:
D:1:      minmay_arrival_stair_chambers, layout_basic
D:2:      layout_loops_ring
D:3:      layout_basic, minmay_overflow_temple_star_hex,
          nicolae_dithmenos_shadow_blocks, uniq_crazy_yiuf_cottage, uniq_ijyb

Skill      XL: |  1  2  3 |
---------------+----------+-----
Ranged Weapons | 6 7 |  7.8
Fighting       | |  1.5
Dodging        | |  2.4
Stealth        | |  1.2

Action                     |  1- 3 |  4- 6 || total
---------------------------+-------+-------++-------
   Fire: Shortbow          |    69 |    43 ||   112
    Use: Scroll            |     1 |     1 ||     2
         Potion            |       |     2 ||     2
 Armour: Leather armour    |     3 |       ||     3
         Ring mail         |     4 |     6 ||    10
  Dodge: Dodged            |    26 |     7 ||    33

Table legend:
 A = Non-vault XP
 B = Vault XP
 C = Vault XP percentage of total XP
 D = Non-vault monster count
 E = Vault monster count
 F = Vault count percentage of total count
                 A         B        C        D         E       F
            +---------+---------+-------+---------+---------+-------
      Total |     133 |       0 |   0.0 |      32 |       0 |   0.0
            +---------+---------+-------+---------+---------+-------
        D:1 |      72 |       0 |   0.0 |      16 |       0 |   0.0
        D:2 |      59 |       0 |   0.0 |      15 |       0 |   0.0
        D:3 |       2 |       0 |   0.0 |       1 |       0 |   0.0
            +---------+---------+-------+---------+---------+-------
